 Dungeon Crawl Stone Soup version 0.17.2-1-ge4368a0 (webtiles) character file.

244 Charly the Insei (level 6, -1/32 HPs)
             Began as a Vine Stalker Warper on July 9, 2017.
             Slain by a giant frog zombie (2 damage)
             ... on level 5 of the Dungeon.
             The game lasted 00:07:14 (707 turns).

Charly the Insei (Vine Stalker Warper)               Turns: 707, Time: 00:07:14

Health: -1/32      AC:  4    Str: 14    XL:     6   Next: 10%
Magic:  0/10       EV: 12    Int: 13    God:
Gold:   18         SH:  0    Dex: 15    Spells: 2 memorised, 6 levels left

rFire  . . .     SeeInvis .       - Unarmed
rCold  . . .     Clarity  .     a - +0 leather armour
rNeg   . . .     SustAt   .     (no shield)
rPois  .         Gourm    .     (no helmet)
rElec  .         Spirit   +     f - +0 cloak
rCorr  .         Warding  .     (no gloves)
rMut   .         Stasis   .     (no boots)
MR     .....                    (no amulet)
Stlth  +.........               (no ring)
                                (no ring)

@: not resistant to hostile enchantments, very unstealthy
A: fangs 2, regeneration 2, magic shield, antimagic bite, no device heal 3, rot
immunity
a: no special abilities


You were on level 5 of the Dungeon.
You were not hungry.

You visited 1 branch of the dungeon, and saw 5 of its levels.

You collected 18 gold pieces.

Inventory:

Missiles
 d - 3 tomahawks of dispersal (quivered)
Armour
 a - a +0 leather armour (worn)
 f - a +0 cloak (worn)
Scrolls
 c - a scroll of blinking
 g - 2 scrolls of enchant weapon
 i - a scroll of remove curse
Potions
 h - a potion of agility {unknown}
 j - a potion of curing {unknown}
 l - a potion of cancellation
 m - a potion of invisibility
 n - 3 potions of poison {unknown}
Books
 b - a book of Spatial Translocations

   Spells                             Type                      Level
   a - Apportation                    Translocation                1
   b - Blink                          Translocation                2
   c - Shroud of Golubria             Charms/Translocation         2
   d - Portal Projectile              Translocation                3
   e - Teleport Other                 Translocation                3
   f - Passage of Golubria            Translocation                4
Comestibles
 e - a bread ration


   Skills:
 - Level 2.4 Fighting
 - Level 0.8 Throwing
 - Level 0.7 Armour
 - Level 1.5 Dodging
 + Level 5.9 Unarmed Combat
 - Level 2.1 Spellcasting
 - Level 3.0 Translocations


You had 6 spell levels left.
You knew the following spells:

 Your Spells              Type           Power        Failure   Level  Hunger
a - Apportation           Tloc           #.........   12%         1    ##.....
b - Blink                 Tloc           N/A          14%         2    ###....


Dungeon Overview and Level Annotations

Branches:
Dungeon (5/15)
 Temple: D:4-7

Altars:
Elyvilon
Fedhas
Okawaru
Ru
Zin
The Shining One

Portals:
Sewer: D:3


Innate Abilities, Weirdness & Mutations

You have extremely sharp teeth.
You heal very quickly.
When hurt, damage is shared between your health and your magic reserves.
Your bite disrupts and absorbs the magic of your enemies.
Potions and wands cannot restore your health.
You are immune to rotting.


Message History

Unknown command.
You hit the iguana. Your bite misses the iguana.
The iguana is moderately wounded.
The giant frog zombie hits you.
* * * LOW HITPOINT WARNING * * *
The iguana bites you but does no damage.
The giant frog zombie hits you.
* * * LOW HITPOINT WARNING * * *
You hit the iguana. Your bite misses the iguana.
The iguana is moderately wounded.
The crimson imp disappears for a moment.
The crimson imp barely misses you. The iguana bites you!
* * * LOW HITPOINT WARNING * * *
The giant frog zombie hits you but does no damage.
Unknown command.
You punch the iguana! You bite the iguana, but do no damage.
The iguana is severely wounded.
The crimson imp completely misses you. The iguana closely misses you.
The giant frog zombie hits you.
You die...

.####..##..# #..##..#
.# [....... ..# ....
... ...# .#### #.#
#..#
##############>###..#
....................#
.........._.........#
.......5@...........#
.......Zl...........#
..######..#######.<.#
#..# #...# ..?..#
#....# .....# #....#
......# #....#
.......# #....# ...#
#....#


You could see an iguana, a crimson imp and a giant frog zombie.

Vanquished Creatures
  An ogre (D:4)
  The ghost of Charly the Ruffian, a weakling VSWr (D:3)
  An orc wizard (D:3)
  Jessica (D:3)
  A worker ant (D:4)
  An adder (D:5)
  13 orcs (D:3)
  2 bats
  A goblin (D:1)
  A hobgoblin (D:3)
  A kobold (D:3)
  5 giant cockroaches
  2 giant newts
  A rat (D:3)
32 creatures vanquished.

Notes
Turn   | Place    | Note
--------------------------------------------------------------
     0 | D:1      | Charly the Vine Stalker Warper began the quest for the Orb.
     0 | D:1      | Reached XP level 1. HP: 11/11 MP: 4/4
   209 | D:3      | Noticed Jessica
   229 | D:3      | Killed Jessica
   229 | D:3      | Reached XP level 2. HP: 2/15 MP: 1/6
   229 | D:3      | Reached XP level 3. HP: 2/18 MP: 1/7
   264 | D:3      | Noticed Charly's ghost (weakling VSWr)
   302 | D:3      | Noticed an orc wizard
   323 | D:3      | Killed an orc wizard
   323 | D:3      | Reached skill level 4 in Unarmed Combat
   323 | D:3      | Reached XP level 4. HP: 16/23 MP: 8/8
   345 | D:3      | Found a faded altar to an unknown god.
   373 | D:3      | HP: 1/23 [Charly's ghost (6)]
   376 | D:3      | Killed Charly's ghost
   376 | D:3      | Reached XP level 5. HP: 1/26 MP: 1/9
   441 | D:4      | Found a sacrificial altar of Ru.
   441 | D:4      | Noticed an ogre
   483 | D:4      | Killed an ogre
   483 | D:4      | Reached skill level 5 in Unarmed Combat
   493 | D:4      | Found a white marble altar of Elyvilon.
   494 | D:4      | Found a glowing silver altar of Zin.
   495 | D:4      | Found a glowing golden altar of the Shining One.
   502 | D:4      | Learned a level 2 spell: Blink
   515 | D:5      | Entered Level 5 of the Dungeon
   573 | D:4      | Found a blossoming altar of Fedhas.
   649 | D:3      | Found a glowing drain.
   672 | D:4      | Gained mutation: You heal very quickly. [Vine Stalker growth]
   672 | D:4      | Reached XP level 6. HP: 26/32 MP: 8/10
   679 | D:5      | Found an iron altar of Okawaru.
   706 | D:5      | HP: 1/32 [iguana (9)]
   707 | D:5      | Slain by a giant frog zombie

Action                   |  1- 3 |  4- 6 || total
-------------------------+-------+-------++-------
Melee: Unarmed           |    84 |    89 ||   173
Throw: Tomahawk          |       |     2 ||     2
  Use: Scroll            |       |     7 ||     7
